 Dungeon Crawl Stone Soup version 0.17-a0-737-gf0a300a (webtiles) character file.

107 Ngotmuk the Shield-Bearer (level 4, -4/42 HPs)
             Began as a Deep Dwarf Fighter on May 9, 2015.
             Slain by a gnoll
             ... wielding a +0 spear
              (8 damage)
             ... on level 3 of the Dungeon.
             The game lasted 00:02:45 (1273 turns).

Ngotmuk the Shield-Bearer (Deep Dwarf Fighter)      Turns: 1273, Time: 00:02:45

Health: -4/42      AC:  7    Str: 20    XL:     4   Next: 56%
Magic:  4/4        EV:  7    Int:  9    God:
Gold:   115        SH: 10    Dex: 15    Spells: 0 memorised, 3 levels left

rFire  . . .     SeeInvis .     a - +0 war axe
rCold  . . .     Clarity  .     b - +0 scale mail
rNeg   . . .     SustAb   .     c - +0 shield
rPois  .         Gourm    .     (no helmet)
rElec  .         Spirit   .     (no cloak)
rCorr  .         Warding  .     (no gloves)
rMut   .         Stasis   .     (no boots)
MR     .....                    (no amulet)
Stlth  ..........               (no ring)
                                k - +3 ring of dexterity

@: non-regenerating, not resistant to hostile enchantments, extremely unstealthy
A: damage resistance, recharge devices, sense surroundings 1, slow healing 3
a: Device Recharging


You were on level 3 of the Dungeon.
You were not hungry.

You visited 1 branch of the dungeon, and saw 3 of its levels.

You collected 115 gold pieces.

Inventory:

Hand weapons
 a - a +0 war axe (weapon)
Missiles
 m - a javelin of returning (quivered)
 n - 7 javelins
Armour
 b - a +0 scale mail (worn)
 c - a +0 shield (worn)
Jewellery
 k - a +3 ring of dexterity (left hand)
Magical devices
 e - a wand of heal wounds (4)
Scrolls
 i - a scroll of amnesia {unknown}
 j - a scroll of random uselessness {unknown}
 o - a scroll of noise {unknown}
 r - a scroll of teleportation {unknown}
 s - a scroll of remove curse {unknown}
 t - a scroll of immolation {unknown}
Potions
 d - a potion of might
 g - a potion of flight {unknown}
 h - 2 potions of curing {unknown}
 l - a potion of haste {unknown}
 p - a potion of agility {unknown}
 u - a potion of magic {unknown}
Comestibles
 f - a bread ration
 q - 2 fruits


   Skills:
 + Level 3.3 Fighting
 + Level 2.9 Axes
 + Level 4.1 Armour
 + Level 4.3 Shields


You had 3 spell levels left.
You didn't know any spells.

Dungeon Overview and Level Annotations

Branches:
Dungeon (3/15)

Altars:


Innate Abilities, Weirdness & Mutations

You are resistant to damage.
You can recharge devices by infusing magical energy.
You passively map a small area around you.
You do not heal naturally.


Message History

You closely miss the hobgoblin.
The hobgoblin is heavily wounded.
You block the gnoll's attack. The gnoll hits you with a whip.
You block the hobgoblin's attack. The gnoll hits you but does no damage.
The gnoll hits you but does no damage.
You hit the gnoll.
The gnoll is almost dead.
You hit the hobgoblin.
You kill the hobgoblin!
You block the gnoll's attack. The gnoll hits you with a whip.
Your shield prevents you from hitting the gnoll.
The gnoll is almost dead.
The gnoll hits you but does no damage. You block the gnoll's attack.
You barely miss the gnoll.
The gnoll is almost dead.
The gnoll barely misses you. x2
The gnoll hits you with a whip.
* * * LOW HITPOINT WARNING * * *
The gnoll hits you from afar with a spear!
You die...

####
##.†##
#.@g.#
#))).#
*...g..#
#......#
*
..).#..##
,
..#######
. *


You could see 2 gnolls.

Vanquished Creatures
  5 gnolls
  An adder (D:2)
  A worm (D:2)
  4 giant cockroaches (D:1)
  5 hobgoblins
  4 jackals (D:2)
  A quokka (D:2)
  2 ball pythons
  5 bats
  A giant newt (D:2)
  5 goblins
  5 kobolds (D:1)
  9 rats
48 creatures vanquished.

Notes
Turn   | Place    | Note
--------------------------------------------------------------
     0 | D:1      | Ngotmuk, the Deep Dwarf Fighter, began the quest for the Orb.
     0 | D:1      | Reached XP level 1. HP: 20/20 MP: 1/1
   183 | D:1      | Reached XP level 2. HP: 24/27 MP: 2/2
   691 | D:2      | Reached XP level 3. HP: 25/34 MP: 3/3
   723 | D:2      | Reached skill level 4 in Armour
   940 | D:2      | Reached XP level 4. HP: 13/42 MP: 4/4
  1051 | D:2      | HP: 1/42 [worm (5)]
  1273 | D:3      | Slain by a gnoll

Action                   |  1- 3 |  4- 6 || total
-------------------------+-------+-------++-------
Melee: War axe           |    98 |    49 ||   147
Throw: Javelin           |     2 |     7 ||     9
Evoke: Wand              |       |     1 ||     1
  Eat: Bread ration      |       |     1 ||     1
